 Dungeon Crawl Stone Soup version 0.31-a0-656-gb4d89c20fa (console) character file.

Game seed: 6133981513149031487

11808 jejorda2 the Cleaver (level 11, -1/133 HPs)
             Began as a Gnoll Berserker on Aug 30, 2023.
             Was an Elder of Trog.
             Slain by a cyan ugly thing (16 damage)
             ... on level 11 of the Dungeon.
             The game lasted 00:26:56 (10660 turns).

jejorda2 the Cleaver (Gnoll Berserker)             Turns: 10660, Time: 00:26:57

Health: -1/133     AC: 23    Str: 26    XL:     11   Next: 83%
Magic:  21/21      EV: 10    Int:  7    God:    Trog [****..]
Gold:   750        SH:  0    Dex: 12    Spells: 23/23 levels left

rFire   + . .        a - +0 battleaxe
rCold   . . .        (shield currently unavailable)
rNeg    . . .        w - +0 plate armour
rPois   +            p - +2 helmet
rElec   .            u - +2 cloak
rCorr   .            B - +0 pair of gloves
SInv    .            g - +0 pair of boots
Will    ++...        D - amulet "Alalas" {RegenMP Rampage rPois rF+} Stlth
                     E - +6 ring of strength
HPRegen 1.42/turn    (no ring)
MPRegen 0.57/turn

%: rampage
@: berserking, strong-willed (expiring), regenerating (expiring), very quick
A: fangs 1, strong nose, distributed training
a: Renounce Religion, Berserk, Trog's Hand, Brothers in Arms


You were on level 11 of the Dungeon.
You worshipped Trog.
Trog was greatly pleased with you.
You visited 1 branch of the dungeon, and saw 11 of its levels.
You also visited: Ossuary.

You collected 750 gold pieces.

Inventory:

Hand Weapons
 a - a +0 battleaxe (weapon)
 b - a +0 dire flail
Missiles
 k - 2 throwing nets
 y - 11 darts of dispersal
 z - 22 poisoned darts (quivered)
 A - 3 boomerangs
 G - a curare-tipped dart
Armour
 g - a +0 pair of boots (worn)
 p - a +2 helmet (worn)
 u - a +2 cloak (worn)
 w - a +0 plate armour (worn)
 B - a +0 pair of gloves (worn)
Jewellery
 D - the amulet "Alalas" (around neck) {RegenMP Rampage rPois rF+}
   (You found it on level 6 of the Dungeon)

   [amulet of magic regeneration]

   RegenMP:   It increases your rate of magic regeneration.
   rF+:       It protects you from fire.
   rPois:     It protects you from poison Rampage: It bestows one free step when
   moving towards enemies.
 E - a +6 ring of strength (left hand)
Wands
 c - a wand of flame (35)
 i - a wand of charming (2)
 C - a wand of digging (4)
Scrolls
 e - a scroll of silence
 h - a scroll of fear
 j - 2 scrolls of summoning
 n - a scroll of poison
 o - 3 scrolls of teleportation
 q - 3 scrolls of immolation
 r - 5 scrolls of revelation
 t - a scroll of enchant weapon
 v - 2 scrolls of vulnerability
 F - a scroll of enchant armour
Potions
 d - 2 potions of mutation
 f - 2 potions of ambrosia
 l - 10 potions of curing
 m - 3 potions of attraction
 s - a potion of enlightenment
 H - a potion of heal wounds


   Skills:
 + Level 9.5 Fighting
 + Level 6.8 Short Blades
 + Level 6.8 Long Blades
 + Level 9.5 Axes
 + Level 6.8 Maces & Flails
 + Level 6.8 Polearms
 + Level 6.8 Staves
 + Level 6.8 Ranged Weapons
 + Level 6.8 Throwing
 + Level 8.3 Armour
 + Level 8.3 Dodging
 + Level 6.8 Stealth
 + Level 6.8 Shields
 + Level 6.8 Unarmed Combat
 + Level 6.8 Spellcasting
 + Level 5.6 Conjurations
 + Level 5.6 Hexes
 + Level 5.6 Summonings
 + Level 5.6 Necromancy
 + Level 5.6 Translocations
 + Level 5.6 Transmutations
 + Level 5.6 Fire Magic
 + Level 5.6 Ice Magic
 + Level 5.6 Air Magic
 + Level 5.6 Earth Magic
 + Level 5.6 Poison Magic
 + Level 7.4 Invocations
 + Level 6.8 Evocations
 + Level 6.2 Shapeshifting


You had 23 spell levels left.
You didn't know any spells.
Your spell library was empty.

Dungeon Overview and Level Annotations

Branches:
Dungeon (11/15)            Temple (0/1) D:7            Lair (0/5) D:9
Ossuary (visited)
    Orc: D:9-12

Altars:
Fedhas
Gozag
Trog
Uskayaw
Vehumet

Annotations:
D:9 4 transporters
D:11 Maurice


Innate Abilities, Weirdness & Mutations

You have very sharp teeth.
Your uncanny sense of smell can sniff out nearby items.
Your experience applies equally to all skills.


Message History

The cyan ugly thing closely misses you.
You slash the cyan ugly thing!
The cyan ugly thing is moderately wounded.
The cyan ugly thing headbutts you but does no damage. x2
You slash the cyan ugly thing!
The cyan ugly thing is heavily wounded.
The cyan ugly thing headbutts you but does no damage.
You hit the cyan ugly thing but do no damage.
Your bite misses the cyan ugly thing.
The cyan ugly thing is heavily wounded.
The cyan ugly thing barely misses you.
You slash the cyan ugly thing!
The cyan ugly thing is heavily wounded.
You recover from your berserk rage.
The cyan ugly thing headbutts you. The cyan ugly thing shocks you!
You closely miss the cyan ugly thing.
The cyan ugly thing is heavily wounded.
The cyan ugly thing headbutts you.
* * * LOW HITPOINT WARNING * * *
The cyan ugly thing shocks you!
* * * LOW HITPOINT WARNING * * *
The cyan ugly thing closely misses you.
A red film seems to cover your vision as you go berserk!
You feel yourself moving faster!
You feel mighty!
You feel the effects of Trog's Hand fading.
The cyan ugly thing headbutts you but does no damage.
You barely miss the cyan ugly thing.
The cyan ugly thing is heavily wounded.
You slash the cyan ugly thing! You bite the cyan ugly thing.
The cyan ugly thing is severely wounded.
The cyan ugly thing headbutts you but does no damage.
You barely miss the cyan ugly thing.
The cyan ugly thing is severely wounded.
The cyan ugly thing misses you.
You barely miss the cyan ugly thing. You bite the cyan ugly thing.
The cyan ugly thing is severely wounded.
The cyan ugly thing headbutts you.
* * * LOW HITPOINT WARNING * * *
The cyan ugly thing shocks you!
You die...

# #.
#####.#########
...............
#@# #u# #..
##.# .# .# .#
.#


You could see a cyan ugly thing.

Vanquished Creatures
  A boulder beetle (D:8)
  2 two-headed ogres
  2 trolls (D:10)
  A hornet (D:9)
  Grinder (D:6)
  A vampire (D:10)
  A wraith (D:10)
  6 yaks
  4 wyverns
  Eustachio (D:6)
  2 steam dragons
  Edmund (D:6)
  4 water moccasins
  An acid dragon (D:8)
  4 orc warriors
  3 ice beasts
  A sky beast (D:8)
  4 black bears
  2 ogres (D:5)
  4 centaurs
  2 elf zombies (Ossuary)
  A phantom (D:7)
  3 kobold brigands
  4 bullfrogs
  A wyvern zombie (D:5)
  A gnoll sergeant (D:7)
  2 scorpions
  10 wights
  3 jellies
  15 killer bees
  An electric eel (D:8)
  4 centaur zombies (Ossuary)
  2 bullfrog zombies (D:5)
  A human zombie (Ossuary)
  6 orc priests
  3 hounds
  Crazy Yiuf (D:3)
  A centaur skeleton (D:5)
  A bullfrog skeleton (D:5)
  5 gnoll boudas
  4 iguanas
  13 orc wizards
  A hound zombie (Ossuary)
  3 mummies (Ossuary)
  Robin (D:3)
  23 gnolls
  6 adders
  A shadow imp (D:6)
  3 white imps
  An ufetubus (D:4)
  3 adder zombies (Ossuary)
  A worm (D:2)
  31 orcs
  10 endoplasms
  6 giant cockroaches
  11 hobgoblins
  10 jackals
  7 quokkas
  12 ball pythons
  6 bats
  3 frilled lizards
  14 goblins
  5 goblin zombies (Ossuary)
  2 hobgoblin zombies (Ossuary)
  4 jackal zombies (Ossuary)
  13 kobolds
  2 kobold zombies (Ossuary)
  An orc zombie (Ossuary)
  7 quokka zombies (Ossuary)
  6 rats
  2 rat zombies (Ossuary)
325 creatures vanquished.

Vanquished Creatures (collateral kills)
  A kobold demonologist (D:9)
  A komodo dragon (D:9)
  2 water moccasins (D:9)
  A bullfrog (D:9)
  2 wights (D:6)
  An iguana (D:6)
  3 kobolds (D:9)
11 creatures vanquished.

Grand Total: 336 creatures vanquished

Notes
Turn   | Place    | Note
-------+----------+-------------------------------------------
     0 | D:1      | jejorda2 the Gnoll Berserker began the quest for the Orb.
     0 | D:1      | Reached XP level 1. HP: 23/23 MP: 1/1
    46 | D:1      | Reached XP level 2. HP: 27/29 MP: 2/2
   331 | D:1      | Reached XP level 3. HP: 34/35 MP: 3/3
   736 | D:2      | Found a faded altar of an unknown god.
   817 | D:2      | Reached skill level 1 in Invocations
   818 | D:2      | Reached skill level 1 in Short Blades
   818 | D:2      | Reached skill level 1 in Long Blades
   818 | D:2      | Reached skill level 1 in Maces & Flails
   818 | D:2      | Reached skill level 1 in Polearms
   818 | D:2      | Reached skill level 1 in Staves
   818 | D:2      | Reached skill level 1 in Ranged Weapons
   818 | D:2      | Reached skill level 1 in Throwing
   818 | D:2      | Reached skill level 1 in Stealth
   818 | D:2      | Reached skill level 1 in Shields
   818 | D:2      | Reached skill level 1 in Unarmed Combat
   818 | D:2      | Reached skill level 1 in Spellcasting
   818 | D:2      | Reached skill level 1 in Evocations
   818 | D:2      | Reached skill level 1 in Shapeshifting
   818 | D:2      | Reached XP level 4. HP: 41/41 MP: 5/5
   865 | D:2      | Reached ** piety under Trog
   973 | D:2      | Reached skill level 1 in Conjurations
   973 | D:2      | Reached skill level 1 in Hexes
   973 | D:2      | Reached skill level 1 in Summonings
   973 | D:2      | Reached skill level 1 in Necromancy
   973 | D:2      | Reached skill level 1 in Translocations
   973 | D:2      | Reached skill level 1 in Transmutations
   973 | D:2      | Reached skill level 1 in Fire Magic
   973 | D:2      | Reached skill level 1 in Ice Magic
   973 | D:2      | Reached skill level 1 in Air Magic
   973 | D:2      | Reached skill level 1 in Earth Magic
   973 | D:2      | Reached skill level 1 in Poison Magic
  1441 | D:3      | Reached XP level 5. HP: 47/47 MP: 5/7
  1547 | D:3      | Noticed Robin
  1556 | D:3      | Reached *** piety under Trog
  1561 | D:3      | Killed Robin
  1733 | D:3      | Found a runed translucent door.
  1734 | D:3      | Noticed Crazy Yiuf
  1742 | D:3      | Killed Crazy Yiuf
  2303 | D:4      | Reached XP level 6. HP: 42/53 MP: 8/8
  2391 | D:4      | Found a blossoming altar of Fedhas.
  2756 | D:5      | Entered Level 5 of the Dungeon
  2784 | D:5      | Reached skill level 5 in Armour
  2784 | D:5      | Reached skill level 5 in Dodging
  2805 | D:5      | Noticed an orc warrior
  2815 | D:5      | Killed an orc warrior
  2928 | D:5      | Reached XP level 7. HP: 60/60 MP: 10/10
  3389 | D:5      | Reached XP level 8. HP: 11/67 MP: 12/12
  3601 | D:5      | Reached **** piety under Trog
  3986 | D:6      | Found a sand-covered staircase.
  3990 | Ossuary  | Entered an ossuary
  4337 | Ossuary  | Reached XP level 9. HP: 73/73 MP: 14/14
  4560 | D:6      | Noticed Edmund
  4576 | D:6      | Killed Edmund
  4660 | D:6      | Noticed Eustachio
  4687 | D:6      | Killed Eustachio
  4687 | D:6      | Reached ***** piety under Trog
  5063 | D:6      | Found a radiant altar of Vehumet.
  5111 | D:6      | Identified the amulet "Alalas" {RegenMP Rampage rPois rF+}
  5363 | D:6      | Noticed Grinder
  5373 | D:6      | Killed Grinder
  5530 | D:6      | Reached skill level 5 in Invocations
  6087 | D:7      | Reached XP level 10. HP: 77/80 MP: 17/17
  6111 | D:7      | Found a staircase to the Ecumenical Temple.
  6188 | D:7      | Reached skill level 5 in Short Blades
  6188 | D:7      | Reached skill level 5 in Long Blades
  6188 | D:7      | Reached skill level 5 in Maces & Flails
  6188 | D:7      | Reached skill level 5 in Polearms
  6188 | D:7      | Reached skill level 5 in Staves
  6188 | D:7      | Reached skill level 5 in Ranged Weapons
  6188 | D:7      | Reached skill level 5 in Throwing
  6188 | D:7      | Reached skill level 5 in Stealth
  6188 | D:7      | Reached skill level 5 in Shields
  6188 | D:7      | Reached skill level 5 in Unarmed Combat
  6188 | D:7      | Reached skill level 5 in Spellcasting
  6188 | D:7      | Reached skill level 5 in Evocations
  6931 | D:8      | Found an opulent altar of Gozag.
  7428 | D:8      | Reached skill level 5 in Shapeshifting
  7586 | D:8      | Noticed a boulder beetle
  7601 | D:8      | Killed a boulder beetle
  8153 | D:9      | Found a transporter.
  8247 | D:9      | Noticed a two-headed ogre
  8262 | D:9      | Killed a two-headed ogre
  8263 | D:9      | Reached skill level 5 in Conjurations
  8263 | D:9      | Reached skill level 5 in Hexes
  8263 | D:9      | Reached skill level 5 in Summonings
  8263 | D:9      | Reached skill level 5 in Necromancy
  8263 | D:9      | Reached skill level 5 in Translocations
  8263 | D:9      | Reached skill level 5 in Transmutations
  8263 | D:9      | Reached skill level 5 in Fire Magic
  8263 | D:9      | Reached skill level 5 in Ice Magic
  8263 | D:9      | Reached skill level 5 in Air Magic
  8263 | D:9      | Reached skill level 5 in Earth Magic
  8263 | D:9      | Reached skill level 5 in Poison Magic
  8263 | D:9      | Reached XP level 11. HP: 89/89 MP: 18/20
  8264 | D:9      | Received a gift from Trog
  8349 | D:9      | Found a transporter.
  8448 | D:9      | Found a transporter.
  8550 | D:9      | Found a staircase to the Lair.
  8672 | D:9      | Found a hide-covered altar of Uskayaw.
  9245 | D:9      | Found a transporter.
  9277 | D:10     | Entered Level 10 of the Dungeon
  9725 | D:10     | Noticed a two-headed ogre
  9737 | D:10     | Killed a two-headed ogre
  9913 | D:10     | Found a bloodstained altar of Trog.
 10608 | D:11     | Noticed Maurice
 10625 | D:11     | Noticed a boulder beetle
 10627 | D:11     | Noticed a cyan ugly thing
 10660 | D:11     | Slain by a cyan ugly thing

Illustrated notes

Levels and vault maps discovered:
D:1:      psy_arrival_whirlpool, layout_basic
D:2:      layout_basic, shapermc_ecumenical_altar_starsandcircs,
          minmay_misc_feat_doors, minmay_split_cup_small
D:3:      kennysheep_big_flooded_room, layout_rooms, minivault_5,
          uniq_crazy_yiuf_cottage, uniq_robin
D:4:      layout_gridville, mainiacjoe_overflow_24_doors
D:5:      layout_loops_cross, serial_undead, serial_undead_a, serial_undead_b,
          serial_undead_b, serial_undead_d
D:6:      layout_basic, marbit_many_paths, enter_ossuary_5, uniq_edmund,
          uniq_eustachio, uniq_grinder
D:7:      layout_rooms, minmay_temple_entry_slanted, kennysheep_generic_room_4
D:8:      minmay_spotlight, layout_loops_ring,
          mainiacjoe_overflow_cross_hatched, minivault_4
D:9:      layout_roguey, eat_drink_and_be_merry_uskayaw,
          due_lair_maze_entry_diamond, grunt_ministairs_3,
          nicolae_transporter_intersection
D:10:     layout_stronghold, mainiacjoe_overflow_alcove_2
D:11:     layout_roguey, minmay_misc_feat_iff, minmay_crystal_room, uniq_maurice

Skill      XL: |  1  2  3  4  5  6  7  8  9 10 11 |
---------------+----------------------------------+-----
Invocations    | 1 2 3 4 5 6 7 |  7.4
Short Blades   | 1 2 3 4 6 |  6.8
Long Blades    | 1 2 3 4 6 |  6.8
Maces & Flails | 1 2 3 4 6 |  6.8
Polearms       | 1 2 3 4 6 |  6.8
Staves         | 1 2 3 4 6 |  6.8
Ranged Weapons | 1 2 3 4 6 |  6.8
Throwing       | 1 2 3 4 6 |  6.8
Stealth        | 1 2 3 4 6 |  6.8
Shields        | 1 2 3 4 6 |  6.8
Unarmed Combat | 1 2 3 4 6 |  6.8
Spellcasting   | 1 2 3 4 6 |  6.8
Evocations     | 1 2 3 4 6 |  6.8
Shapeshifting  | 1 2 3 4 5 6 |  6.2
Conjurations   | 1 2 3 4 5 |  5.6
Hexes          | 1 2 3 4 5 |  5.6
Summonings     | 1 2 3 4 5 |  5.6
Necromancy     | 1 2 3 4 5 |  5.6
Translocations | 1 2 3 4 5 |  5.6
Transmutations | 1 2 3 4 5 |  5.6
Fire Magic     | 1 2 3 4 5 |  5.6
Ice Magic      | 1 2 3 4 5 |  5.6
Air Magic      | 1 2 3 4 5 |  5.6
Earth Magic    | 1 2 3 4 5 |  5.6
Poison Magic   | 1 2 3 4 5 |  5.6
Armour         | 5 6 7 8 |  8.3
Dodging        | 5 6 7 8 |  8.3
Fighting       | 7 8 9 |  9.5
Axes           | 7 8 9 |  9.5

Action                     |  1- 3 |  4- 6 |  7- 9 | 10-12 || total
---------------------------+-------+-------+-------+-------++-------
  Melee: Hand axe          |    65 |   166 |       |       ||   231
         Bite              |     3 |    10 |    40 |    43 ||    96
         Punch             |       |     6 |    11 |     2 ||    19
         War axe           |       |    15 |   413 |    51 ||   479
         Battleaxe         |       |       |       |   354 ||   354
  Throw: Dart              |       |       |       |    15 ||    15
 Invoke: Berserk           |       |     4 |     8 |    13 ||    25
         Trog's Hand       |       |     1 |     3 |     6 ||    10
         Brothers in Arms  |       |       |       |     1 ||     1
  Evoke: Wand              |       |       |       |     2 ||     2
    Use: Scroll            |       |       |    19 |     7 ||    26
         Potion            |       |       |       |     1 ||     1
 Armour: Ring mail         |    20 |    41 |       |       ||    61
         Plate armour      |       |    36 |   307 |   319 ||   662
  Dodge: Dodged            |    40 |    99 |   161 |   284 ||   584

Table legend: (Time is in decaauts)
 A = Elapsed time spent in this place.
 B = Non-inter-level travel time spent in this place.
 C = Inter-level travel time spent in this place.
 D = Time resting spent in this place.
 E = Time spent auto-exploring this place.
 F = Levels seen in this place.
 G = Mean time per level.
                   A        B        C        D        E       F      G
               +--------+--------+--------+--------+--------+-----+--------+
         Total |  10969 |  10646 |    323 |    997 |   7443 |  12 |  914.1 |
       Dungeon |  10498 |  10175 |    323 |    997 |   7158 |  11 |  954.4 |
       Ossuary |    471 |    471 |      0 |      0 |    285 |   1 |  471.0 |
               +--------+--------+--------+--------+--------+-----+--------+

Top non-repeatable levels by time:
     D:6: 1547 daAuts
    D:10: 1332 daAuts
     D:5: 1253 daAuts
     D:8: 1237 daAuts
     D:9: 1206 daAuts
     D:7: 1055 daAuts
     D:3: 762 daAuts
     D:1: 699 daAuts
     D:2: 664 daAuts
     D:4: 639 daAuts
 Ossuary: 471 daAuts
    D:11: 100 daAuts
